 Dungeon Crawl Stone Soup version 0.27.1-33-g824d729ab1 (webtiles) character file.

Game seed: 13328379795410840808

1768 zeram the Basher (level 8, -13/74 HPs)
             Began as a Troll Fighter on Nov 28, 2021.
             Was an Initiate of Gozag.
             Mangled by a manticore (19 damage)
             ... on level 7 of the Dungeon.
             The game lasted 00:12:19 (5679 turns).

zeram the Basher (Troll Fighter)                    Turns: 5679, Time: 00:12:20

Health: -13/74     AC:  5    Str: 25    XL:     8   Next: 80%
Magic:  7/7        EV: 13    Int:  6    God:    Gozag
Gold:   289        SH:  0    Dex: 21    Spells: 7/7 levels left

rFire    + . .     SeeInvis .   e - +0 dire flail
rCold    . . .     Faith    .   (shield currently unavailable)
rNeg     . . .     Spirit   .   m - +1 robe {rF+}
rPois    .         Reflect  .   (helmet restricted)
rElec    .         Harm     .   (no cloak)
rCorr    .         Rampage  .   (gloves unavailable)
Will     .....                  (boots unavailable)
Stlth    ++........             (no amulet)
HPRegen  1.22/turn              l - +6 ring of dexterity
MPRegen  0.10/turn              w - +6 ring of dexterity

@: no status effects
A: large, unfitting armour, claws 3, regeneration 1, shaggy fur 1, tough skin 1
a: Renounce Religion, Potion Petition, Call Merchant, Bribe Branch


You were on level 7 of the Dungeon.
You worshipped Gozag.
Gozag was aware of your devotion.
You visited 2 branches of the dungeon, and saw 9 of its levels.

You collected 388 gold pieces.
You paid 99 gold pieces to Gozag.

Inventory:

Hand Weapons
 a - a +1 flail
 e - a +0 dire flail (weapon)
Missiles
 f - 228 stones (quivered)
 k - 2 throwing nets
Armour
 m - a +1 robe of fire resistance (worn)
Jewellery
 h - a ring of magical power
 i - a +6 ring of strength
 l - a +6 ring of dexterity (left claw)
 o - a ring of positive energy
 w - a +6 ring of dexterity (right claw)
Wands
 q - a wand of flame (12)
 r - a wand of iceblast (6)
Scrolls
 b - a scroll of amnesia {unknown}
 g - a scroll of magic mapping
 n - a scroll of brand weapon {unknown}
 u - a scroll of noise {unknown}
 x - 2 scrolls of enchant armour {unknown}
 y - a scroll of identify
Potions
 j - 3 potions of mutation
 p - 3 potions of brilliance
 s - a potion of magic


   Skills:
 - Level 2.4 Fighting
 + Level 8.8 Maces & Flails
 + Level 5.9 Dodging
 - Level 2.4 Shields


You had 7 spell levels left.
You didn't know any spells.
Your spell library contained the following spells:

 Spells                   Type           Power      Damage    Failure   Level
 Sandblast                Erth           0%         2d4       45%         1
 Corpse Rot               Necr/Air       N/A        N/A       58%         2
 Passwall                 Tmut/Erth      0%         N/A       58%         2
 Poisonous Vapours        Pois/Air       0%         N/A       58%         2
 Freezing Cloud           Conj/Ice/Air   0%         6-21      100%        5
 Lee's Rapid Deconstruct  Erth           0%         3d5*      100%        5


Dungeon Overview and Level Annotations

Branches:
Dungeon (8/15)             Temple (1/1) D:5
   Lair: D:8-11

Altars:
Dithmenos
Fedhas
Gozag
Hepliaklqana
Kikubaaqudgha
Nemelex Xobeh
Qazlal
Ru
Sif Muna
Trog
Uskayaw
Wu Jian
Xom
Zin
Lugonu

Shops:
D:8 *

Annotations:
D:8 3 runed translucent doors, Harold; Icepheonix32's ghost, novice DsTm; Maggie; bearlyready's ghost, novice KoBe


Innate Abilities, Weirdness & Mutations

You are too large for most types of armour.
You have claws for hands.
Your natural rate of healing is unusually fast.
You are covered in fur. (AC +1)
You have tough skin. (AC +1)


Message History

You now have 289 gold pieces (gained 9).
Things that are here:
a +0 robe; a +3 mace of freezing A manticore comes into view.
A manticore is nearby!
A manticore is nearby!
A manticore is nearby!
There is an open door here.
The manticore bites you.
The manticore claws you but does no damage.
The manticore claws you!
You hit the manticore.
The manticore is lightly wounded.
The manticore bites you!! The manticore misses you. x2
You barely miss the manticore.
The manticore is lightly wounded.
The manticore bites you!! The manticore barely misses you.
The manticore closely misses you.
You are too injured to fight recklessly!
You are too injured to fight recklessly!
You feel better. The manticore bites you!!
* * * LOW HITPOINT WARNING * * *
The manticore claws you.
* * * LOW HITPOINT WARNING * * *
The manticore claws you!
* * * LOW HITPOINT WARNING * * *
Okay, then.
Okay, then.
Okay, then.
Press: ? - help, v - describe, . - travel The floor.
Okay, then.
You barely miss the manticore.
The manticore is lightly wounded.
The manticore barely misses you. x2; The manticore completely misses you.
You completely miss the manticore.
The manticore is lightly wounded.
The manticore bites you!!
You die...
Your body crumbles into a pile of gold.

### # #.## .##
#..####...#.#
###..'.@H......$
#####....####...#.#
#.......## .##
##.....## # ##.[.##
##'## #.# #.# ##.##


You could see a manticore.

Vanquished Creatures
  A wyvern (D:7)
  2 orc warriors
  2 ice beasts
  A necrophage (D:6)
  2 centaurs
  A bullfrog (D:7)
  2 scorpions
  2 water moccasin skeletons
  A wight (D:7)
  3 orc priests
  A bullfrog skeleton (D:5)
  A gnoll shaman (D:7)
  A centaur skeleton (D:7)
  6 orc wizards
  3 iguanas
  A hound zombie (D:3)
  7 gnolls
  10 adders
  An adder zombie (D:3)
  An adder skeleton (D:3)
  2 worms (D:2)
  5 dart slugs
  17 orcs
  3 ball pythons
  2 bats
  7 endoplasms
  2 giant cockroaches
  2 goblins
  7 hobgoblins
  2 jackals (D:1)
  5 quokkas
  A ball python skeleton (D:3)
  6 frilled lizards
  A jackal zombie (D:3)
  5 kobolds
  A quokka skeleton (D:3)
  7 rats
124 creatures vanquished.

Notes
Turn   | Place    | Note
-------+----------+-------------------------------------------
     0 | D:1      | zeram the Troll Fighter began the quest for the Orb.
     0 | D:1      | Reached XP level 1. HP: 22/22 MP: 0/0
    73 | D:1      | Reached skill level 2 in Maces & Flails
   166 | D:1      | Reached XP level 2. HP: 18/29 MP: 1/1
   291 | D:1      | Found a faded altar of an unknown god.
   406 | D:1      | You fall into a shaft and drop 1 floor!
   609 | D:2      | Reached XP level 3. HP: 30/36 MP: 2/2
   688 | D:2      | Reached skill level 3 in Maces & Flails
   909 | D:2      | Found a sacrificial altar of Ru.
  1216 | D:3      | Reached XP level 4. HP: 44/44 MP: 3/3
  1515 | D:3      | Reached skill level 4 in Maces & Flails
  1522 | D:3      | Reached XP level 5. HP: 50/50 MP: 4/4
  2485 | D:4      | Reached XP level 6. HP: 59/59 MP: 5/5
  2697 | D:5      | Entered Level 5 of the Dungeon
  2709 | D:5      | Noticed an ice beast
  2722 | D:5      | Killed an ice beast
  2723 | D:5      | Reached skill level 5 in Maces & Flails
  3031 | D:5      | Reached XP level 7. HP: 52/66 MP: 6/6
  3472 | D:5      | Reached skill level 6 in Maces & Flails
  3472 | D:5      | Found a shimmering altar of Xom.
  3568 | D:5      | Found a staircase to the Ecumenical Temple.
  4090 | D:6      | Found an ornate altar of the Wu Jian Council.
  4553 | D:6      | Reached skill level 7 in Maces & Flails
  4553 | D:6      | Reached skill level 5 in Dodging
  4703 | D:5      | Reached XP level 8. HP: 64/74 MP: 7/7
  5075 | Temple   | Entered the Ecumenical Temple
  5177 | Temple   | Became a worshipper of Gozag Ym Sagoz the Greedy
  5371 | D:7      | Reached skill level 8 in Maces & Flails
  5586 | D:8      | Found Zin's Purification Station.
  5589 | D:8      | Found a glowing silver altar of Zin.
  5596 | D:8      | Found a runed translucent gate.
  5596 | D:8      | Found a runed translucent gate.
  5596 | D:8      | Found a runed translucent gate.
  5605 | D:8      | Noticed Icepheonix32's ghost (novice DsTm)
  5605 | D:8      | Noticed bearlyready's ghost (novice KoBe)
  5623 | D:8      | Noticed Maggie
  5625 | D:8      | Noticed Harold
  5671 | D:7      | Noticed a manticore
  5679 | D:7      | Mangled by a manticore

Illustrated notes

Levels and vault maps discovered:
D:1:      giann_wishing_wells, layout_loops_cross,
          hellmonk_ecumenical_altar_leap_of_faith
D:2:      layout_loops_ring, basic_altar
D:3:      layout_loops_ring, serial_undead, serial_undead_c, serial_undead_e,
          serial_undead_d, serial_undead_a, serial_undead_f
D:4:      layout_loops_ring
D:5:      layout_loops_ring, tgw_xom, lemuel_temple_firewalk_b,
          minmay_misc_feat_chi, chequers_serial_rivers_micro_a
D:6:      layout_loops_ring, marbit_many_paths
D:7:      layout_loops_corners, tso_altar
D:8:      layout_cave_pools, zin_purify, minitemple, enter_bailey_2,
          gammafunk_ghost_cemetery, minmay_misc_feat_columns,
          minmay_misc_feat_pillars, nicolae_specific_store, grunt_ministairs_1,
          serial_bayou_lagoon_a, minmay_misc_feat_roman, uniq_maggie,
          uniq_harold, uniq_grum, uniq_psyche
Temple:   kb_corrupted_temple

Skill      XL: |  1  2  3  4  5  6  7  8 |
---------------+-------------------------+-----
Maces & Flails | 2 3 4 5 7 8 |  8.8
Dodging        | 3 4 5 |  5.9
Fighting       | |  2.4
Shields        | |  2.4

Action                   |  1- 3 |  4- 6 |  7- 9 || total
-------------------------+-------+-------+-------++-------
Melee: Flail             |   130 |   156 |   151 ||   437
       Dire flail        |       |       |    92 ||    92
Evoke: Wand              |       |       |     1 ||     1
  Use: Scroll            |       |     9 |     4 ||    13
       Potion            |       |     5 |     7 ||    12
 Stab: Sleeping          |     2 |       |     1 ||     3
Armor: Robe              |    46 |    36 |    62 ||   144
       Skin              |       |       |     4 ||     4
Dodge: Dodged            |    53 |    56 |   123 ||   232
Block: Kite shield       |    67 |    83 |    84 ||   234
